 Dungeon Crawl Stone Soup version 0.19.1-1-g22dce08 (webtiles) character file.

33952 Gargoyl the Cleaver (level 13, -3/111 HPs)
             Began as a Ghoul Abyssal Knight on Jan 13, 2017.
             Was a Priest of Lugonu.
             Slain by a blink frog (5 damage)
             ... on level 6 of the Lair of Beasts on Jan 14, 2017.
             The game lasted 00:35:13 (15892 turns).

Gargoyl the Cleaver (Ghoul Abyssal Knight)         Turns: 15892, Time: 00:35:14

Health: -3/111     AC: 32    Str: 20    XL:     13   Next: 74%
Magic:  20/20      EV:  6    Int:  9    God:    Lugonu [***...]
Gold:   855        SH: 16    Dex: 12    Spells: 0 memorised, 12 levels left

rFire  . . .     SeeInvis .     n - +0 broad axe
rCold  + . .     Gourm    .     f - +8 plate armour of Miracles {Int+2}
rNeg   + + +     Faith    .     K - +0 shield
rPois  ∞         Spirit   .     J - +0 helmet
rElec  .         Reflect  +     A - +1 cloak
rCorr  .         Harm     .     (no gloves)
MR     .....                    G - +0 pair of boots
Stlth  ..........               e - +6 amulet of reflection
                                y - +4 ring of protection
                                m - +3 ring of dexterity

@: rotting, slowed, very slow
A: rotting body, claws 1, carnivore 3, cold resistance 1, negative energy
resistance 3, slow regeneration 1, torment resistance, unbreathing
a: Depart the Abyss, Bend Space, Banish, Renounce Religion


You were on level 6 of the Lair of Beasts.
You worshipped Lugonu.
Lugonu was most pleased with you.
You were not hungry.

You visited 2 branches of the dungeon, and saw 15 of its levels.
You visited the Abyss 1 time.
You also visited: Labyrinth.

You collected 855 gold pieces.

Inventory:

Hand Weapons
 n - a +0 broad axe (weapon)
 x - a +3 hand axe of chopping
Missiles
 w - 8 javelins (quivered)
Armour
 f - the +8 plate armour of Miracles (worn) {Int+2}
   (You found it on level 2 of the Abyss)

   It affects your intelligence (+2).
 A - a +1 cloak (worn)
 G - a +0 pair of boots (worn)
 J - a +0 helmet (worn)
 K - a +0 shield (worn)
Jewellery
 e - a +6 amulet of reflection (around neck)
 i - an uncursed ring of see invisible
 m - a +3 ring of dexterity (left claw)
 y - a +4 ring of protection (right claw)
 C - the ring of Hinivach {rPois rF+++ MR- MP+9 Stlth+}
   (You found it on level 6 of the Dungeon)

   [ring of poison resistance]

   It renders you almost immune to fire.
   It protects you from poison.
   It affects your resistance to hostile enchantments.
   It affects your magic capacity (+9).
   It makes you more stealthy.
 O - an uncursed ring of resist corrosion {unknown}
Wands
 h - a wand of iceblast (12/15)
 t - a wand of paralysis (5/24)
 u - a wand of digging (7/24)
 F - a wand of acid (10/15)
Scrolls
 g - 2 scrolls of amnesia
 k - 9 scrolls of remove curse
 o - 3 scrolls of teleportation
 p - a scroll of fog
 q - 3 scrolls of identify
 B - 4 scrolls of fear
 H - 3 scrolls of recharging
 L - a scroll of blinking
 P - 2 scrolls of silence {unknown}
Potions
 j - 3 potions of might
 l - a potion of brilliance
 r - a potion of agility
 s - 5 potions of curing
 D - a potion of magic
 E - 2 potions of cancellation
 M - a potion of heal wounds
 N - a potion of invisibility
Books
 a - a book of Flames

   Spells                             Type                      Level
   a - Flame Tongue                   Conjuration/Fire             1
   b - Throw Flame                    Conjuration/Fire             2
   c - Conjure Flame                  Conjuration/Fire             3
   d - Inner Flame                    Hexes/Fire                   3
   e - Sticky Flame                   Conjuration/Fire             4
   f - Fireball                       Conjuration/Fire             5
 d - a book of Clouds

   Spells                             Type                      Level
   a - Mephitic Cloud                 Conjuration/Poison/Air       3
   b - Conjure Flame                  Conjuration/Fire             3
   c - Poisonous Cloud                Conjuration/Poison/Air       6
   d - Freezing Cloud                 Conjuration/Ice/Air          6
   e - Ring of Flames                 Charms/Fire                  7
 I - a book of Power

   Spells                             Type                      Level
   a - Fulminant Prism                Conjuration/Hexes            4
   b - Iskenderun's Mystic Blast      Conjuration                  4
   c - Venom Bolt                     Conjuration/Poison           5
   d - Bolt of Magma                  Conjuration/Fire/Earth       5
   e - Iron Shot                      Conjuration/Earth            6
   f - Orb of Destruction             Conjuration                  7
   g - Spellforged Servitor           Conjuration/Summoning        7
Comestibles
 b - 4 slices of pizza
 c - 5 meat rations
 v - 3 beef jerkies
 z - 2 royal jellies
 Q - 12 chunks of flesh


   Skills:
 + Level 9.5 Fighting
   Level 1.0 Long Blades
 + Level 11.4 Axes
 + Level 0.6 Throwing
 * Level 11.4 Armour
 + Level 1.9 Dodging
 + Level 6.6 Shields
 * Level 11.4 Invocations
 + Level 1.4 Evocations


You had 12 spell levels left.
You didn't know any spells.

Dungeon Overview and Level Annotations

Branches:
Dungeon (9/15)             Temple (0/1) D:4            Lair (6/6) D:8
 Shoals (0/4) Lair:3       Spider (0/4) Lair:2        Slime (0/5) Lair:5
    Orc: D:9-12

Altars:
Ashenzari
Gozag
Makhleb
Qazlal
Trog
Vehumet

Annotations:
Abyss:1 Prince Ribbit


Innate Abilities, Weirdness & Mutations

Your body is rotting away.
You thrive on raw meat.
You are immune to poison.
You have sharp fingernails.
You are carnivorous and can eat meat at any time.
Your flesh is cold resistant. (rC+)
You are immune to negative energy. (rN+++)
You regenerate slowly when monsters are visible.
You are immune to unholy pain and torment.
You can survive without breathing.


Message History

The blink frog hits you but does no damage.
You slash the hippogriff!
The hippogriff is almost dead.
Your plate armour of Miracles prevents you from hitting the wyvern.
Your plate armour of Miracles prevents you from hitting the blink frog.
You miss the blink frog. x2; You block the wyvern's attack.
The blink frog blinks! x2
The blink frog hits you but does no damage.
The wyvern bites you!
* * * LOW HITPOINT WARNING * * *
The blink frog closely misses you. The hippogriff closely misses you.
The hippogriff pecks you but does no damage.
You block the hippogriff's attack.
The wyvern bites you but does no damage.
The blink frog hits you!
* * * LOW HITPOINT WARNING * * *
The blink frog hits you!
* * * LOW HITPOINT WARNING * * *
The blink frog hits you.
You die...

...# ..P.### .......
....... ##### .......
### ####.#.## .......
##.#####P.#..#.#
......F##...............
..%...F@F.#.#.....#.#..#
.F...FlHFF.###.##..#####
%%.w.F.S.#..#.######
%........#.....#
.............### #
.............# #
...........#... #
..............P#
.........#..##


You could see a torpor snail, a hippogriff, 8 blink frogs, a water moccasin and
a wyvern.

Vanquished Creatures
  A dire elephant (Lair:6)
  A minotaur (Lab)
  2 hydras
  A centaur warrior (D:8)
  An anaconda (Lair:6)
  Erica (D:8)
  The ghost of Rrauwl the Covert, a journeyman KoHu of Nemelex Xobeh (Lair:1)
  The ghost of mora the Covert, a journeyman GrFE of Vehumet (Lair:2)
  Pikel (D:5)
  4 elephants (Lair:6)
  5 black mambas
  The ghost of alp the Covert, a novice SpAs of Okawaru (D:8)
  11 spiny frogs
  2 rime drakes
  4 komodo dragons
  A polar bear (Lair:5)
  Grinder (D:2)
  19 blink frogs
  5 hippogriffs
  A redback (Lair:2)
  2 wyverns
  20 yaks
  5 basilisks
  5 hungry ghosts
  Menkaure (D:6)
  Edmund (D:4)
  4 water moccasins
  7 porcupines
  An orc warrior (D:7)
  4 sky beasts
  A black bear (Lair:4)
  2 ice beasts (D:5)
  3 slaves (D:5)
  A necrophage (D:8)
  3 ogres
  9 wolves
  A centaur (D:8)
  14 crocodiles
  5 bullfrogs
  A wyvern skeleton (D:8)
  2 scorpions (D:4)
  A howler monkey (D:4)
  A crimson imp (D:8)
  2 jellies
  2 hounds
  5 orc priests
  Crazy Yiuf (D:5)
  2 centaur skeletons
  9 orc wizards
  A bullfrog skeleton (D:7)
  7 iguanas
  2 worker ants
  A killer bee zombie (D:6)
  A hound zombie (D:7)
  3 gnolls (D:8)
  8 adders
  2 river rats (D:8)
  An adder skeleton (D:7)
  4 worms
  3 leopard geckos
  27 orcs
  4 bats
  5 giant cockroaches
  8 goblins
  7 hobgoblins
  2 jackals (D:1)
  6 quokkas
  A ball python (D:1)
  5 frilled lizards
  A giant cockroach zombie (D:6)
  2 jackal skeletons (D:4)
  9 kobolds
  A rat (D:1)
  A fungus (Lair:3)
291 creatures vanquished.

Vanquished Creatures (others)
  4 dire elephants (Lair:6)
  Fannar (Lair:2)
  2 hydras (Lair:4)
  An ogre (D:6)
  A howler monkey (D:6)
  9 fungi
  26 plants
44 creatures vanquished.

Grand Total: 335 creatures vanquished

Notes
Turn   | Place    | Note
-------+----------+-------------------------------------------
     0 | Abyss:1  | Gargoyl the Ghoul Abyssal Knight began the quest for the Orb.
     0 | Abyss:1  | Reached XP level 1. HP: 19/19 MP: 1/1
    46 | Abyss:2  | Got an ichor-stained plate armour
    57 | Abyss:2  | Identified the +8 plate armour of Miracles {Int+2} (You found it on level 2 of the Abyss)
    75 | Abyss:2  | Noticed a large abomination
    78 | Abyss:2  | Noticed a neqoxec
    80 | D:1      | Escaped the Abyss
   293 | D:1      | Reached XP level 2. HP: 26/26 MP: 2/2
   332 | D:1      | Reached * piety under Lugonu
   503 | D:1      | Reached skill level 1 in Dodging
   670 | D:2      | Reached XP level 3. HP: 27/33 MP: 3/3
  1110 | D:2      | Reached XP level 4. HP: 40/40 MP: 5/5
  1125 | D:2      | Reached ** piety under Lugonu
  1432 | D:3      | Reached XP level 5. HP: 16/46 MP: 6/6
  1441 | D:3      | Noticed Grinder
  1451 | D:3      | Paralysed by Grinder for 3 turns
  1460 | D:3      | Paralysed by Grinder for 3 turns
  1470 | D:2      | Killed Grinder
  1470 | D:2      | Reached skill level 1 in Evocations
  1470 | D:2      | Reached XP level 6. HP: 16/52 MP: 7/7
  1979 | D:4      | Noticed a hippogriff
  1997 | D:4      | Killed a hippogriff
  1997 | D:4      | Reached XP level 7. HP: 13/60 MP: 7/9
  2035 | D:4      | Noticed Edmund
  2085 | D:4      | Killed Edmund
  2454 | D:4      | Reached skill level 1 in Shields
  2506 | D:4      | Reached XP level 8. HP: 59/67 MP: 10/10
  2630 | D:4      | Reached skill level 5 in Armour
  2897 | D:4      | Reached skill level 5 in Invocations
  2908 | D:4      | Found a bloodstained altar of Trog.
  3165 | D:4      | Reached *** piety under Lugonu
  3205 | D:4      | Found a staircase to the Ecumenical Temple.
  3347 | D:5      | Entered Level 5 of the Dungeon
  3487 | D:5      | Reached skill level 5 in Axes
  3547 | D:5      | Found a radiant altar of Vehumet.
  3873 | D:5      | Found a runed door.
  3877 | D:5      | Noticed Crazy Yiuf
  3886 | D:5      | Killed Crazy Yiuf
  3886 | D:5      | Reached skill level 5 in Fighting
  4066 | D:6      | Got a flickering lead ring
  4067 | D:6      | Identified the ring of Hinivach {rPois rF+++ MR- MP+9 Stlth+} (You found it on level 6 of the Dungeon)
  4323 | D:6      | Noticed Menkaure
  4325 | D:6      | Noticed Pikel
  4470 | D:5      | Killed Pikel
  4470 | D:5      | Reached XP level 9. HP: 62/74 MP: 12/12
  4489 | D:6      | Killed Menkaure
  4505 | D:6      | You fall through a shaft for 3 floors!
  5110 | D:6      | Found a burning altar of Makhleb.
  5110 | D:6      | Found a stormy altar of Qazlal.
  5111 | D:6      | Found a shattered altar of Ashenzari.
  5111 | D:6      | Found an opulent altar of Gozag.
  6191 | D:8      | Reached **** piety under Lugonu
  6254 | D:8      | Noticed Prince Ribbit
  6277 | D:8      | Banished Prince Ribbit
  6664 | D:8      | Noticed alp's ghost (novice SpAs)
  6701 | D:7      | Reached XP level 10. HP: 47/83 MP: 14/14
  6936 | D:8      | Killed alp's ghost
  7250 | D:8      | Found a staircase to the Lair.
  7253 | D:8      | Noticed Erica
  7299 | D:8      | Killed Erica
  7753 | D:8      | Noticed a centaur warrior
  7766 | D:8      | Killed a centaur warrior
  7817 | D:8      | Reached XP level 11. HP: 91/91 MP: 16/16
  8149 | Lair:1   | Entered Level 1 of the Lair of Beasts
  8202 | Lair:1   | Found a labyrinth entrance.
  8211 | Lab      | Entered a labyrinth
  8919 | Lab      | Noticed a minotaur
  8936 | Lab      | Killed a minotaur
  9343 | Lair:1   | Noticed Rrauwl's ghost (journeyman KoHu)
  9406 | Lair:1   | Killed Rrauwl's ghost
  9941 | Lair:2   | Noticed mora's ghost (journeyman GrFE)
 10002 | Lair:2   | Noticed a four-headed hydra
 10008 | Lair:2   | Banished a four-headed hydra
 10032 | Lair:2   | Killed mora's ghost
 10276 | Lair:2   | Found a hole to the Spider Nest.
 10710 | Lair:2   | Noticed Fannar
 10732 | Lair:2   | Reached XP level 12. HP: 95/101 MP: 17/17
 10740 | Lair:2   | Reached skill level 10 in Armour
 10770 | Lair:2   | Killed Fannar
 10975 | Lair:2   | Reached skill level 10 in Axes
 11337 | Lair:3   | Noticed a six-headed hydra
 11353 | Lair:3   | Killed a one-headed hydra
 11705 | Lair:3   | Reached skill level 5 in Shields
 11794 | Lair:3   | Found a staircase to the Shoals.
 11802 | Lair:3   | Reached ***** piety under Lugonu
 12367 | Lair:4   | Noticed a four-headed hydra
 12377 | Lair:4   | Banished a four-headed hydra
 12496 | Lair:4   | Noticed an eight-headed hydra
 12510 | Lair:4   | Banished an eight-headed hydra
 12510 | Lair:4   | Reached skill level 10 in Invocations
 13141 | Lair:4   | Reached XP level 13. HP: 76/110 MP: 19/19
 13339 | Lair:5   | Reached skill level 1 in Long Blades
 14195 | Lair:5   | Found a staircase to the Slime Pits.
 14563 | Lair:6   | Entered Level 6 of the Lair of Beasts
 14647 | Lair:6   | Noticed a dire elephant
 14678 | Lair:6   | Killed a dire elephant
 14894 | Lair:6   | Noticed a dire elephant
 14894 | Lair:6   | Banished a dire elephant
 14922 | Lair:6   | Noticed a dire elephant
 14922 | Lair:6   | Noticed a dire elephant
 14928 | Lair:6   | Banished a dire elephant
 14934 | Lair:6   | Banished a dire elephant
 15138 | Lair:6   | Noticed a dire elephant
 15148 | Lair:6   | Banished a dire elephant
 15328 | Lair:6   | Noticed a dire elephant
 15328 | Lair:6   | Banished a dire elephant
 15892 | Lair:6   | HP: 2/111 [blink frog (11)]
 15892 | Lair:6   | Slain by a blink frog

Skill      XL: |  1  2  3  4  5  6  7  8  9 10 11 12 13 |
---------------+----------------------------------------+-----
Armour         | 2 3 4 6 7 8 9 10 11 | 11.4
Dodging        | 1 |  1.9
Axes           | 2 3 4 5 6 8 9 10 11 | 11.4
Invocations    | 3 4 5 7 8 9 10 11 | 11.4
Fighting       | 4 5 6 7 8 9 |  9.5
Evocations     | 1 |  1.4
Shields        | 1 2 4 5 6 |  6.6
Long Blades    | 1 |  1.0
Throwing       | |  0.6

Action                   |  1- 3 |  4- 6 |  7- 9 | 10-12 | 13-15 || total
-------------------------+-------+-------+-------+-------+-------++-------
Melee: Hand axe          |   163 |   100 |   542 |   499 |       ||  1304
       Broad axe         |       |       |       |   329 |   270 ||   599
       Scimitar          |       |       |       |    10 |     9 ||    19
Throw: Tomahawk          |       |       |     5 |     7 |       ||    12
       Javelin           |       |       |       |     3 |       ||     3
Invok: Depart the Abyss  |     1 |       |       |       |       ||     1
       Banish            |       |       |     3 |     9 |    11 ||    23
       Bend Space        |       |       |     1 |       |       ||     1
Evoke: Wand              |       |    10 |     2 |       |       ||    12
  Use: Scroll            |     4 |     1 |    14 |    14 |     1 ||    34
       Potion            |     6 |     2 |     4 |     4 |     3 ||    19
 Stab: Invisible         |       |       |       |     6 |       ||     6
  Eat: Chunk             |    16 |     8 |    53 |   104 |    54 ||   235
Armor: Plate armour      |   251 |   143 |   425 |   669 |   368 ||  1856
Dodge: Dodged            |    21 |    17 |   140 |   200 |    82 ||   460
Block: Buckler           |    18 |    14 |    89 |   343 |       ||   464
       Reflection        |       |       |       |     7 |     1 ||     8
       Shield            |       |       |       |   126 |   359 ||   485
